AoeStats
← peyc12

Black Forest

504847994Analyzed
4v4 RM · 25d ago on Sep 6, 2026· 59m 57s· 8 players
Game mode
Random Map
Map size
Large (8 player)
Population
200
Speed
Normal
Resources
Standard
Victory
Conquest
Starting age
Dark Age
Ending age
Imperial Age
RankedLock teamsTeams togetherTeam positionsShared explorationLock speedFull tech treeHidden civsTurbo modeCheats
Victory
Defeat
🇪🇸 Bohemians · Spain
812
+6
🇪🇸 Franks · Spain
759
+7
🇪🇸 Spanish · Spain
588
+13
🇪🇸 Cumans · Spain
573
+13
🇪🇸 Cumans · Spain
574
-11
🇬🇧 Franks · United Kingdom
550
-10
🇬🇧 Sicilians · United Kingdom
529
-9
🇷🇺 Byzantines · Russia
520
-9
b1gdave007
16:27 Feudal Age
29:13 Castle Age
43:17 Imperial Age
42:28 Scale Barding Armor
42:24 Scale Mail Armor
42:24 Padded Archer Armor
42:15 Fletching
42:36 Forging
47:56 Elite Skirmisher
47:58 Crossbowman
48:23 Heavy Scorpion
53:02 Cavalier
Belay
0:39 Loom
14:57 Feudal Age
21:48 Double-Bit Axe
21:45 Horse Collar
21:54 Town Watch
29:55 Gold Mining
29:55 Stone Mining
31:35 Forging
31:25 Scale Mail Armor
31:30 Scale Barding Armor
31:16 Fletching
31:26 Padded Archer Armor
32:05 Wheelbarrow
33:12 Arson
34:32 Bloodlines
38:27 Castle Age
38:33 Capped Ram
38:37 Pikeman
39:17 Squires
39:07 Light Cavalry
41:22 Gold Shaft Mining
40:49 Heavy Plow
41:01 Bow Saw
40:59 Caravan
42:30 Ballistics
42:21 Masonry
42:38 Chain Barding Armor
42:34 Chain Mail Armor
42:55 Iron Casting
46:35 Imperial Age
44:07 Town Patrol
44:23 Hand Cart
44:15 Bodkin Arrow
44:36 Leather Archer Armor
47:51 Conscription
46:52 Elite Kipchak
47:33 Cuman Mercenaries
47:34 Steppe Husbandry
48:42 Chemistry
47:08 Siege Ram
47:11 Cavalier
47:15 Hussar
49:15 Halberdier
52:01 Paladin
52:05 Elite Steppe Lancer
I_suxatgaming
14:28 Feudal Age
15:21 Double-Bit Axe
16:36 Wheelbarrow
16:49 Man-at-Arms
17:49 Gold Mining
20:51 Town Watch
21:20 Scale Barding Armor
21:18 Scale Mail Armor
26:29 Castle Age
25:11 Stone Mining
36:17 Ballistics
37:01 Bow Saw
37:15 Chain Barding Armor
36:56 Padded Archer Armor
37:50 Elite Skirmisher
39:17 Leather Archer Armor
39:17 Chain Mail Armor
38:52 Fletching
42:52 Imperial Age
40:37 Hand Cart
46:06 Forging
52:30 Heavy Cavalry Archer
54:11 Crossbowman
Navrik
12:07 Feudal Age
13:36 Wheelbarrow
12:50 Loom
13:31 Horse Collar
14:12 Double-Bit Axe
22:44 Castle Age
23:52 Bow Saw
23:44 Heavy Plow
24:02 Hand Cart
26:49 Fishing Lines
29:39 Gold Mining
29:42 Stone Mining
32:17 Stone Shaft Mining
31:36 Gillnets
32:26 Gold Shaft Mining
37:06 Imperial Age
34:46 Treadmill Crane
35:02 Murder Holes
35:19 Fortified Wall
35:30 Ballistics
38:22 Crop Rotation
38:55 Two-Man Saw
39:00 Chemistry
38:24 Conscription
38:40 Hoardings
37:39 Pikeman
38:20 Squires
40:05 Caravan
40:16 Guilds
42:29 Onager
42:53 Halberdier
42:54 Man-at-Arms
43:20 Gambesons
43:21 Arson
48:23 Forging
48:14 Scale Mail Armor
48:19 Scale Barding Armor
48:16 Husbandry
48:29 Logistica
52:08 Elite Cataphract
Motopapi
13:21 Feudal Age
14:38 Wheelbarrow
13:47 Horse Collar
13:56 Double-Bit Axe
19:45 Stone Mining
19:49 Gold Mining
25:00 Castle Age
24:41 Forging
24:37 Scale Barding Armor
24:24 Fletching
24:35 Padded Archer Armor
26:53 Stone Shaft Mining
26:52 Hand Cart
27:11 Bow Saw
27:34 Heavy Plow
27:50 Caravan
28:35 Iron Casting
28:22 Chain Barding Armor
28:29 Bloodlines
28:45 Husbandry
30:07 Stone Shaft Mining
36:29 Imperial Age
36:17 Fortified Wall
36:09 Guard Tower
38:17 Chemistry
37:22 Murder Holes
38:05 Ballistics
38:44 Conscription
38:59 Cavalier
40:45 Blast Furnace
41:16 Plate Barding Armor
42:29 Keep
44:57 Bombard Tower
44:53 Paladin
46:48 Elite Conquistador
49:13 Masonry
48:51 Arrowslits
49:16 Fishing Lines
53:26 Town Watch
SanchoPanza
15:13 Feudal Age
13:29 Loom
16:32 Wheelbarrow
15:43 Horse Collar
15:52 Double-Bit Axe
17:33 Gold Mining
17:51 Stone Mining
27:21 Castle Age
28:34 Hand Cart
28:22 Heavy Plow
29:03 Gold Shaft Mining
28:43 Bow Saw
30:07 Caravan
32:30 Masonry
32:17 Murder Holes
33:54 Coinage
38:43 Imperial Age
36:32 Bloodlines
35:44 Light Cavalry
37:00 Padded Archer Armor
36:43 Pikeman
37:42 Steppe Husbandry
40:51 Two-Man Saw
40:40 Conscription
41:20 Scale Barding Armor
41:31 Leather Archer Armor
41:07 Fletching
42:40 Chemistry
42:52 Elite Kipchak
44:12 Hoardings
43:39 Halberdier
44:20 Squires
47:09 Bodkin Arrow
47:45 Ring Archer Armor
47:36 Chain Barding Armor
labruixaavorrida
11:08 Loom
14:22 Feudal Age
15:41 Wheelbarrow
14:59 Double-Bit Axe
17:55 Gold Mining
23:54 Castle Age
22:27 Scale Barding Armor
23:42 Scale Mail Armor
23:53 Forging
25:10 Hand Cart
25:17 Husbandry
26:26 Gold Shaft Mining
26:59 Bow Saw
27:46 Chain Barding Armor
29:12 Stone Mining
34:48 Imperial Age
33:49 #83
34:07 Chain Mail Armor
35:00 Cavalier
37:29 Chivalry
39:10 Plate Barding Armor
39:14 Paladin
44:42 Plate Mail Armor
47:21 Elite Throwing Axeman
53:51 Iron Casting
peyc12
12:55 Feudal Age
13:24 Horse Collar
13:33 Double-Bit Axe
15:00 Wheelbarrow
14:15 Fishing Lines
22:37 Castle Age
24:00 Pikeman
24:40 Squires
24:55 Heavy Plow
25:15 Scale Mail Armor
25:17 Padded Archer Armor
26:51 Hand Cart
29:17 Crossbowman
30:04 Fletching
30:26 Forging
31:34 Chemistry
34:51 Imperial Age
33:17 Gillnets
36:13 Caravan
36:43 Halberdier
37:41 Masonry
37:54 Ballistics
39:11 Bow Saw
38:37 Houfnice
42:14 Chain Mail Armor
42:36 Iron Casting
45:51 Conscription
46:44 Siege Engineers
47:01 Leather Archer Armor
47:47 Blast Furnace
47:18 Plate Mail Armor
46:45 Bodkin Arrow
Connection lost

Rejoining the realm…

Still unreachable

The connection could not be restored.

Session expired

The server has moved on; the page needs a fresh start.